 Dungeon Crawl Stone Soup version 0.24-a0-245-gb50751227d (webtiles) character file.

Game seed: 8130511607459850444

112534 Redear the Peltast (level 16, -5/109 HPs)
             Began as an Octopode Warper on Apr 12, 2019.
             Was a High Priest of Zin.
             Slain by a tarantella (18 damage)
             ... on level 3 of the Spider Nest.
             The game lasted 04:50:55 (52019 turns).

Redear the Peltast (Octopode Warper)               Turns: 52019, Time: 04:50:56

Health: -5/109     AC:  1    Str: 22    XL:     16   Next: 60%
Magic:  20/22      EV: 27    Int: 20    God:    Zin [*****.]
Gold:   581        SH: 20    Dex: 22    Spells: 1/23 levels left

rFire    + . .     SeeInvis .   t - +9 scimitar (flame)
rCold    x . .     Gourm    .   K - +5 shield
rNeg     . . .     Faith    .   (helmet restricted)
rPois    ∞         Spirit   .   V - amulet of rage {+Rage}
rElec    .         Reflect  .   v - +3 ring of strength
rCorr    .         Harm     .   m - ring of protection from magic {MR+}
MR       +++..     Rnd*Rage +   (no ring)
Stlth    ++++++++..             u - ring of protection from magic {MR+}
HPRegen  0.28/turn              a - ring of Ritack {+Fly Str+3}
MPRegen  0.18/turn              U - ring of flight {+Fly}
                                k - ring of fire {rF+ rC-}
                                (no ring)

@: agile, vitalised, berserk cooldown, hasted and slowed
A: almost no armour, stealthy swim, amphibious, 8 rings, constrict 8, camouflage
1, berserk 1, mutation resistance 1, gelatinous body 1
a: Recite, Vitalisation, Imprison, Sanctuary, Donate Gold, Renounce Religion,
Evoke Berserk Rage, Evoke Flight


You were on level 3 of the Spider Nest.
You worshipped Zin.
Zin was extremely pleased with you.
You were not hungry.

You visited 5 branches of the dungeon, and saw 25 of its levels.
You visited 1 bazaar.
You also visited: Bailey and Volcano.

You collected 2506 gold pieces.
You spent 1675 gold pieces at shops.
You donated 250 gold pieces to Zin.

Inventory:

Hand Weapons
 b - a +4 dagger of electrocution
 n - the +6 whip "Gumyis" {slash, rPois rF+ MR+ MP+9}
   (You found it on level 3 of the Lair of Beasts)

   It inflicts extra damage upon your enemies.
   It protects you from fire.
   It protects you from poison.
   It affects your resistance to hostile enchantments.
   It affects your magic capacity (+9).
 t - a +9 scimitar of flaming (weapon)
 P - the +1 rapier "Ratoahin" {pierce, rC- rN+++}
   (You found it on level 3 of the Spider Nest)

   It inflicts extra damage upon your enemies.
   It makes you vulnerable to cold.
   It renders you almost immune to negative energy.
Missiles
 i - 30 bolts
 q - 97 stones
 A - 45 sling bullets
 B - 12 tomahawks
 O - 8 javelins of penetration
 R - 8 javelins (quivered)
Armour
 K - a +5 shield (worn)
Jewellery
 a - the ring of Ritack (on tentacle) {+Fly Str+3}
   (You found it on level 3 of the Lair of Beasts)

   [ring of flight]

   It affects your strength (+3).
   It lets you fly.
 d - an uncursed amulet of harm {unknown}
 k - a ring of fire (on tentacle) {rF+ rC-}
 m - a ring of protection from magic (right tentacle) {MR+}
 o - an uncursed amulet of the gourmand {Gourm}
 u - a ring of protection from magic (on tentacle) {MR+}
 v - a +3 ring of strength (left tentacle)
 G - an uncursed amulet of magic regeneration
 U - a ring of flight (on tentacle) {+Fly}
 V - an amulet of rage (around mantle) {+Rage}
 Y - an uncursed ring of poison resistance {rPois}
Wands
 E - a wand of enslavement (3)
 I - a wand of iceblast (3)
Scrolls
 c - 7 scrolls of fog
 e - 4 scrolls of immolation
 j - 4 scrolls of enchant armour
 r - 5 scrolls of amnesia
 w - 2 scrolls of fear
 x - 2 scrolls of noise
 y - a scroll of brand weapon {unknown}
 D - 2 scrolls of summoning
 F - 3 scrolls of silence
 L - a scroll of torment
 M - 2 scrolls of magic mapping
 N - 8 scrolls of remove curse {@r2}
 T - 11 scrolls of teleportation {@r3}
 W - a scroll of acquirement {unknown}
Potions
 g - 3 potions of resistance {rF+ rC+ rPois rElec rCorr}
 h - 3 potions of cancellation
 l - 4 potions of flight
 p - a potion of brilliance {unknown}
 s - 3 potions of mutation {!q}
 C - a potion of magic
 H - 2 potions of haste {@q5}
 J - a potion of agility {Stlth+ Dex+5 EV+5 | @q4}
 Q - 11 potions of curing {@q2}
 S - 5 potions of berserk rage
 Z - 5 potions of might {Str+5 DMG+1d10 | @q3}
Miscellaneous
 X - a phial of floods
Comestibles
 z - 22 rations


   Skills:
 - Level 10.0 Fighting
 + Level 10.5 Long Blades
 - Level 4.1 Maces & Flails
 - Level 6.0 Throwing
 - Level 10.0 Dodging
 - Level 13.1 Stealth
 - Level 15.0 Shields
 - Level 4.0 Spellcasting
 - Level 6.1 Conjurations
 - Level 5.8 Hexes
 - Level 5.0 Translocations
 - Level 3.5 Fire Magic
 - Level 3.5 Air Magic
 - Level 4.2 Poison Magic
 - Level 9.0 Invocations


You had one spell level left.
You knew the following spells:

 Your Spells              Type           Power        Failure   Level  Hunger
b - Fulminant Prism       Conj/Hex       ####......   11%         4    ####...
g - Apportation           Tloc           ###...       1%          1    None
j - Conjure Flame         Conj/Fire      #####...     5%          3    ###....
m - Mephitic Cloud        Conj/Pois/Air  ###.....     6%          3    ###....
q - Confusing Touch       Hex            ####..       1%          1    None
s - Shroud of Golubria    Chrm/Tloc      ##........   7%          2    #......
t - Teleport Other        Tloc           ###.....     4%          3    ###....
A - Static Discharge      Conj/Air       ###.....     5%          3    ###....
D - Blink                 Tloc           N/A          2%          2    #......

Your spell library contained the following spells:

 Spells                   Type           Power        Failure   Level  Hunger
 Magic Dart               Conj           ####         1%          1    None
 Sting                    Conj/Pois      ###.         1%          1    None
 Animate Skeleton         Necr           N/A          13%         1    None
 Infusion                 Chrm           #...         13%         1    None
 Summon Small Mammal      Summ           #...         13%         1    None
 Searing Ray              Conj           ####..       1%          2    #......
 Poisonous Vapours        Pois/Air       ###...       3%          2    #......
 Dazzling Spray           Conj/Hex       ####..       3%          3    ###....
 Gell's Gravitas          Tloc           ###.......   4%          3    ###....
 Lesser Beckoning         Tloc           ###.......   4%          3    ###....
 Iskenderun's Mystic Bla  Conj           ####....     11%         4    ####...
 Spectral Weapon          Hex/Chrm       ###.....     12%         3    ###....
 Force Lance              Conj/Tloc      ####....     13%         4    ####...
 Passage of Golubria      Tloc           N/A          16%         4    ####...
 Song of Slaying          Chrm           #.......     19%         2    #......
 Olgreb's Toxic Radiance  Pois           ###.....     22%         4    ####...
 Regeneration             Chrm/Necr      #.........   36%         3    ###....
 Venom Bolt               Conj/Pois      ###.......   38%         5    ######.
 Lightning Bolt           Conj/Air       ###.......   43%         5    ######.
 Freezing Cloud           Conj/Ice/Air   ###.......   99%         6    #######
 Ring of Flames           Chrm/Fire      ###.......   100%        7    #######
 Ignition                 Fire           ####......   100%        8    #######
 Shatter                  Erth           #.........   100%        9    #######
 Tornado                  Air            ###.......   100%        9    #######


Dungeon Overview and Level Annotations

Branches:
Dungeon (13/15)            Temple (1/1) D:6            Lair (6/6) D:9
 Shoals (0/4) Lair:4       Spider (3/4) Lair:2        Slime (0/5) Lair:5
    Orc (2/2) D:11            Elf (0/3) Orc:2
 Vaults: D:13-14

Altars:
Cheibriados
Dithmenos
Fedhas
Gozag
Makhleb
Nemelex Xobeh
Okawaru
Ru
Trog
Wu Jian
Yredelemnul
Zin
The Shining One
Jiyva

Shops:
D:6 :   D:12 (:   Orc:2 ?*%:

Annotations:
D:8 Joseph
Lair:4 exclusion: 2 oklob plants
Spider:3 1 transporter, exclusion: Roxanne, Roxanne; feamirim's ghost, adept CeHu


Innate Abilities, Weirdness & Mutations

You cannot wear most types of armour.
You are very stealthy in the water. (Stealth+)
You are amphibious.
You can wear up to eight rings at the same time.
You can use your tentacles to constrict eight enemies at once.
Your skin changes colour to match your surroundings (Stealth+).
Your rubbery body absorbs attacks. (AC +1, EV +1)
You tend to lose your temper in combat.
You are somewhat resistant to further mutation.


Message History

Unknown command.
Casting: Blink (safe; 2% risk of failure)
Confirm with . or Enter, or press ? or * to list all spells.
Okay, then.
Okay, then.
Unknown command.
Press: ? - help, v - describe, . - travel The floor.
Unknown command.
Press: ? - help, v - describe, . - travel
Here: feamirim's ghost, wielding a weapon of freezing (severely damaged)
The floor, spattered with blood.
Unknown command.
Okay, then.
Unknown command.
Unknown command.
Casting: Blink (safe; 2% risk of failure)
Confirm with . or Enter, or press ? or * to list all spells.
You blink.
You block the tarantella's attack. The tarantella bites you!!
You die...

#..#########...# #.##8)::??8##..#
#.#s...$....#.^# #.#.##.?.##.#..#
#.#.##...##†#..#
#.#....©.ss.#..##########
#.#.##...##W#...^....#^^. ####
#.#.##..s##§#.#####...... ..^#
#.#.....@ss©#....##.....# ...#
#.##8.....8##............ ..##
#..#########...[.........
...#######.....©.................
..###..######...........#...#...#
....#...##..#..........^#..######
........#..........#########
..................##.^##
^................##....#####


You could see a demonic crawler, a wolf spider and 2 tarantellas.

Vanquished Creatures
  Gastronok (D:8)
  An emperor scorpion (Spider:3)
  3 entropy weavers
  A red draconian (Volcano)
  Azrael (Spider:1)
  7 hydras
  Harold (D:8)
  A catoblepas (Lair:6)
  3 two-headed ogres
  An anaconda (Lair:6)
  2 centaur warriors
  5 death yaks
  3 orc high priests (Orc:2)
  Sonja (D:10)
  Urug (D:11)
  Nergalle (D:10)
  A salamander mystic (Volcano)
  Pikel (D:4)
  5 orb spiders
  2 ugly things
  12 orc knights
  22 wolf spiders
  8 orc sorcerers
  3 cyclopes (D:12)
  4 salamanders (Volcano)
  7 elephants
  4 gargoyles
  2 molten gargoyles (Volcano)
  A torpor snail (Spider:1)
  5 black mambas
  19 spiny frogs
  10 demonic crawlers
  13 komodo dragons
  2 rime drakes (Lair:6)
  A kobold demonologist (D:12)
  2 tengu conjurers (D:13)
  A polar bear (Lair:5)
  A merfolk (shapeshifter) (D:13)
  22 jumping spiders
  3 trolls
  A merfolk (Lair:4)
  4 tyrant leeches
  2 hornets
  Grinder (D:4)
  A hippogriff (shapeshifter) (D:12)
  29 blink frogs
  9 hippogriffs
  26 redbacks
  A vampire (D:13)
  2 spriggans
  32 yaks
  9 tarantellas
  3 wraiths
  3 wyverns
  4 fire elementals (Spider:2)
  A hog (shapeshifter) (D:13)
  5 fire bats
  4 basilisks
  A hungry ghost (D:7)
  Eustachio (D:4)
  7 vampire mosquitoes
  2 wargs (Orc:1)
  An acid dragon (D:11)
  2 hell hounds (Spider:2)
  14 water moccasins
  36 orc warriors
  17 porcupines
  A slave (D:4)
  A sky beast (D:10)
  An ice beast (D:8)
  2 black bears
  12 ogres
  A phantom (D:4)
  2 necrophages
  21 wolves
  14 centaurs
  12 crocodiles
  2 big kobolds
  36 bullfrogs
  A gnoll sergeant (D:11)
  3 scorpions
  4 killer bees (D:4)
  3 wights (D:12)
  3 howler monkeys
  3 electric eels
  6 crimson imps
  2 bullfrog zombies
  2 quasits
  2 centaur zombies
  8 hounds
  5 lava snakes (Volcano)
  2 jellies
  23 orc wizards
  3 bullfrog skeletons
  14 orc priests
  2 centaur skeletons
  5 iguanas
  14 worker ants
  A hound zombie (D:9)
  A hound skeleton (D:7)
  2 howler monkey skeletons (D:5)
  13 adders
  10 gnolls
  2 shadow imps
  An ooze (D:5)
  2 adder skeletons
  A worm (D:5)
  2 dart slugs (D:3)
  A leopard gecko (D:9)
  97 orcs
  A ball python (D:8)
  A bat skeleton (D:2)
  A bat zombie (D:2)
  3 giant cockroaches
  14 goblins
  8 hobgoblins
  6 jackals
  5 quokkas
  17 bats
  9 frilled lizards
  7 kobolds
  A quokka skeleton (D:2)
  A quokka zombie (D:2)
  12 rats
  4 plants
835 creatures vanquished.

Vanquished Creatures (collateral kills)
  An elephant (Lair:6)
  A porcupine (Lair:1)
  A centaur (D:11)
  A crocodile (D:9)
4 creatures vanquished.

Vanquished Creatures (others)
  A black mamba (Lair:6)
  A spiny frog (Lair:6)
  A yak (Lair:4)
  A slave (D:4)
  5 bushes (Lair:6)
  16 fulminant prisms
  24 fungi
  64 plants
113 creatures vanquished.

Grand Total: 952 creatures vanquished

Notes
Turn   | Place    | Note
-------+----------+-------------------------------------------
     0 | D:1      | Redear the Octopode Warper began the quest for the Orb.
     0 | D:1      | Reached XP level 1. HP: 14/14 MP: 3/3
   135 | D:1      | Reached XP level 2. HP: 19/19 MP: 5/5
   633 | D:1      | Reached XP level 3. HP: 25/25 MP: 6/6
  1064 | D:1      | Learned a level 2 spell: Blink
  1067 | D:1      | Learned a level 2 spell: Shroud of Golubria
  1101 | D:2      | Reached skill level 3 in Dodging
  1125 | D:2      | Found an opulent altar of Gozag.
  1175 | D:2      | Reached XP level 4. HP: 29/30 MP: 7/7
  1274 | D:2      | Reached skill level 3 in Long Blades
  1278 | D:2      | Reached skill level 3 in Fighting
  1293 | D:2      | Found a glowing golden altar of the Shining One.
  1295 | D:2      | Found a snail-covered altar of Cheibriados.
  1375 | D:2      | Learned a level 3 spell: Teleport Other
  1596 | D:3      | Reached XP level 5. HP: 27/36 MP: 8/8
  2169 | D:3      | Found a blossoming altar of Fedhas.
  2457 | D:4      | Reached skill level 4 in Dodging
  2457 | D:4      | Reached skill level 1 in Stealth
  2457 | D:4      | Reached XP level 6. HP: 29/43 MP: 9/9
  2545 | D:4      | Noticed a phantom
  2898 | D:4      | Noticed Eustachio
  2904 | D:4      | Killed Eustachio
  2904 | D:4      | Reached skill level 4 in Fighting
  2904 | D:4      | Reached skill level 4 in Long Blades
  2904 | D:4      | Reached skill level 2 in Stealth
  2924 | D:4      | Found a shadowy altar of Dithmenos.
  3116 | D:4      | Reached skill level 3 in Stealth
  3116 | D:4      | Reached XP level 7. HP: 23/48 MP: 10/10
  3412 | D:4      | Noticed Grinder
  3456 | D:4      | Killed Grinder
  3456 | D:4      | Reached skill level 4 in Stealth
  3504 | D:4      | Noticed Pikel
  3506 | D:4      | Gained mutation: You tend to lose your temper in combat.
                  | [potion of mutation]
  3506 | D:4      | Gained mutation: You are somewhat resistant to further
                  | mutation. [potion of mutation]
  3689 | D:4      | Reached skill level 5 in Dodging
  3854 | D:5      | Entered Level 5 of the Dungeon
  3979 | D:5      | Reached skill level 5 in Long Blades
  3979 | D:5      | Reached XP level 8. HP: 48/54 MP: 11/11
  3989 | D:5      | Reached skill level 5 in Fighting
  4210 | D:5      | Reached skill level 5 in Stealth
  4804 | D:6      | Found a staircase to the Ecumenical Temple.
  4881 | Temple   | Entered the Ecumenical Temple
  4885 | Temple   | Became a worshipper of Zin the Law-Giver
  4885 | Temple   | Reached * piety under Zin
  4951 | D:6      | Found an ornate altar of the Wu Jian Council.
  4968 | D:6      | Found Ithraatwo's Book Boutique.
  4975 | D:6      | Reached ** piety under Zin
  5083 | D:6      | Found an iron altar of Okawaru.
  5156 | D:6      | Reached skill level 6 in Stealth
  5326 | D:6      | Found a basalt altar of Yredelemnul.
  6057 | D:7      | Reached skill level 6 in Dodging
  6103 | D:7      | Found a sparkling altar of Nemelex Xobeh.
  6157 | D:7      | Reached XP level 9. HP: 55/61 MP: 13/13
  6265 | D:7      | Reached skill level 6 in Fighting
  6265 | D:7      | Reached skill level 6 in Long Blades
  6265 | D:7      | Reached skill level 3 in Spellcasting
  6265 | D:7      | Reached skill level 4 in Translocations
  6928 | D:7      | Got a slimy war axe
  6930 | D:7      | Identified the cursed +1 war axe "Vugooz" {flame, rPois rC+
                  | Str+3} (You found it on level 7 of the Dungeon)
  7116 | D:4      | Killed Pikel
  7354 | D:4      | HP: 6/63 [killer bee (9)]
  7955 | D:8      | Reached *** piety under Zin
  8082 | D:8      | Noticed Harold
  8209 | D:8      | Noticed Gastronok
  8258 | D:8      | Noticed a two-headed ogre
  8359 | D:8      | Reached skill level 4 in Spellcasting
  8454 | D:8      | Reached skill level 5 in Translocations
  9016 | D:8      | Found a burning altar of Makhleb.
  9043 | D:8      | Reached skill level 7 in Dodging
  9092 | D:8      | Reached skill level 1 in Shields
  9646 | D:9      | Reached skill level 7 in Fighting
  9646 | D:9      | Reached skill level 7 in Long Blades
  9646 | D:9      | Reached XP level 10. HP: 47/71 MP: 16/16
  9769 | D:9      | Reached skill level 2 in Shields
  9938 | D:9      | Found a staircase to the Lair.
 10355 | D:9      | Reached skill level 3 in Shields
 10978 | D:9      | Noticed a centaur warrior
 11090 | D:9      | Noticed a two-headed ogre
 11343 | D:9      | Reached skill level 8 in Dodging
 11479 | D:9      | Reached skill level 8 in Fighting
 11479 | D:9      | Reached skill level 8 in Long Blades
 11517 | D:9      | Killed a two-headed ogre
 11517 | D:9      | Reached skill level 5 in Shields
 12046 | D:9      | Killed a centaur warrior
 12046 | D:9      | Reached skill level 6 in Shields
 12046 | D:9      | Reached XP level 11. HP: 77/77 MP: 17/17
 12081 | D:8      | Killed Harold
 12081 | D:8      | Reached skill level 7 in Stealth
 12081 | D:8      | Reached skill level 2 in Invocations
 12217 | D:8      | Killed Gastronok
 12217 | D:8      | Reached skill level 8 in Stealth
 12217 | D:8      | Reached skill level 4 in Invocations
 12429 | D:8      | Killed a two-headed ogre
 12429 | D:8      | Reached skill level 5 in Invocations
 12430 | D:8      | Noticed Joseph
 12503 | D:10     | Entered Level 10 of the Dungeon
 12503 | D:10     | Found a flagged portal.
 12503 | D:10     | Noticed Nergalle
 12507 | D:10     | Noticed a spectral orc warlord
 12714 | D:10     | Reached skill level 6 in Invocations
 12737 | D:10     | Reached skill level 9 in Stealth
 13087 | Bailey   | Entered a bailey
 13327 | Bailey   | Reached **** piety under Zin
 13725 | Bailey   | Noticed an orc knight
 13779 | Bailey   | Killed an orc knight
 13779 | Bailey   | Reached skill level 10 in Stealth
 13830 | Bailey   | Noticed an orc knight
 13855 | Bailey   | Killed an orc knight
 13855 | Bailey   | Reached skill level 11 in Stealth
 13872 | Bailey   | Noticed an orc knight
 13917 | Bailey   | Killed an orc knight
 13968 | Bailey   | Noticed an orc knight
 13968 | Bailey   | Noticed an orc knight
 14024 | Bailey   | Killed an orc knight
 14333 | Bailey   | Killed an orc knight
 14333 | Bailey   | Reached skill level 12 in Stealth
 14333 | Bailey   | Reached XP level 12. HP: 24/82 MP: 14/18
 14590 | D:10     | Noticed Sonja
 14598 | D:10     | Killed Sonja
 14795 | D:10     | Killed Nergalle
 14795 | D:10     | Reached skill level 13 in Stealth
 14798 | D:10     | Learned a level 1 spell: Confusing Touch
 15050 | D:10     | Reached skill level 7 in Shields
 15050 | D:10     | Reached skill level 1 in Hexes
 15603 | D:11     | Noticed Urug
 15666 | D:11     | Paralysed by a hornet for 1 turns
 15669 | D:11     | Noticed a two-headed ogre
 15706 | D:11     | Killed a two-headed ogre
 15706 | D:11     | Reached skill level 2 in Hexes
 16743 | D:11     | Killed Urug
 16743 | D:11     | Reached skill level 3 in Hexes
 16839 | D:11     | Found a staircase to the Orcish Mines.
 16851 | D:11     | Reached ***** piety under Zin
 16909 | D:11     | Reached skill level 8 in Shields
 17284 | D:12     | Found a flickering gateway to a bazaar.
 17339 | Bazaar   | Entered a bazaar
 17341 | Bazaar   | Found Qohorchehie's Jewellery Shop.
 17373 | Bazaar   | Found Fezoe's Food Boutique.
 17382 | Bazaar   | Found Xerit's Weapon Shoppe.
 17408 | Bazaar   | Found Jucueryss's Book Shop.
 17571 | Bazaar   | Bought an uncursed ring of poison resistance for 180 gold
                  | pieces
 18182 | D:12     | Reached skill level 9 in Shields
 18387 | D:12     | Found Owkimmio's Weapon Boutique.
 18585 | D:12     | Reached skill level 10 in Shields
 18617 | D:12     | Found Agoyrutenni's Book Shop.
 18624 | D:12     | Bought a book of Clouds for 585 gold pieces
 19057 | D:13     | Noticed a centaur warrior
 19061 | D:13     | Noticed a five-headed hydra
 19375 | D:13     | Killed a centaur warrior
 19375 | D:13     | Reached skill level 11 in Shields
 19375 | D:13     | Reached XP level 13. HP: 43/88 MP: 17/19
 20634 | D:13     | Reached skill level 12 in Shields
 21274 | Lair:1   | Entered Level 1 of the Lair of Beasts
 21830 | Lair:1   | Learned a level 3 spell: Conjure Flame
 21834 | Lair:1   | Learned a level 3 spell: Mephitic Cloud
 22260 | Lair:2   | Found a hole to the Spider Nest.
 22471 | Lair:2   | Reached skill level 1 in Poison Magic
 22477 | Lair:2   | Reached skill level 1 in Conjurations
 22477 | Lair:2   | Reached skill level 1 in Fire Magic
 22477 | Lair:2   | Reached skill level 1 in Air Magic
 22864 | Lair:2   | Reached skill level 2 in Poison Magic
 22922 | Lair:2   | Reached skill level 2 in Conjurations
 22925 | Lair:2   | Reached skill level 2 in Fire Magic
 22925 | Lair:2   | Reached skill level 2 in Air Magic
 24158 | Lair:3   | Reached skill level 3 in Poison Magic
 24481 | Lair:3   | Got a fine whip
 24485 | Lair:3   | Identified the +6 whip "Gumyis" {slash, rPois rF+ MR+ MP+9}
                  | (You found it on level 3 of the Lair of Beasts)
 24542 | Lair:3   | Reached skill level 1 in Maces & Flails
 24830 | Lair:3   | Reached skill level 2 in Maces & Flails
 24844 | Lair:3   | Got a heavily runed bone ring
 24845 | Lair:3   | Identified the ring of Ritack {+Fly Str+3} (You found it on
                  | level 3 of the Lair of Beasts)
 25045 | Lair:3   | Reached skill level 3 in Maces & Flails
 25316 | Lair:3   | Reached skill level 4 in Maces & Flails
 25494 | Lair:3   | Reached skill level 3 in Air Magic
 25961 | Lair:3   | Reached skill level 3 in Conjurations
 25961 | Lair:3   | Reached skill level 3 in Fire Magic
 26269 | Lair:4   | Reached XP level 14. HP: 66/94 MP: 17/20
 26273 | Lair:4   | Reached skill level 4 in Poison Magic
 26368 | Lair:4   | Found a dark tunnel.
 26385 | Volcano  | Entered a volcano
 27059 | Volcano  | Found a radiant altar of Vehumet.
 27078 | Volcano  | Reached skill level 2 in Throwing
 27088 | Volcano  | Reached skill level 3 in Throwing
 27523 | Volcano  | Reached skill level 4 in Throwing
 27637 | Volcano  | Noticed a red draconian
 27659 | Volcano  | HP: 3/94 [red draconian/+2 flail of flaming (28)]
 27659 | Volcano  | HP: 1/94 [red draconian/+2 flail of flaming (2)]
 27661 | Volcano  | Killed a red draconian
 28077 | Lair:4   | Reached skill level 5 in Throwing
 28810 | Lair:5   | Reached skill level 6 in Throwing
 29158 | Lair:5   | Reached skill level 4 in Conjurations
 29247 | Lair:5   | Found a staircase to the Slime Pits.
 29247 | Lair:5   | Found a viscous altar of Jiyva.
 29375 | Lair:5   | Reached skill level 5 in Conjurations
 29397 | Lair:5   | Learned a level 2 spell: Searing Ray
 29999 | Lair:4   | Reached ****** piety under Zin
 30316 | Lair:4   | Found a staircase to the Shoals.
 30364 | Lair:4   | HP: 9/94 [poisoned by a black mamba]
 30369 | Lair:4   | HP: 9/94 [poisoned by a black mamba]
 30377 | Lair:4   | HP: 9/94 [poisoned by a black mamba]
 30941 | Lair:4   | Reached skill level 6 in Conjurations
 31256 | Lair:4   | Reached skill level 4 in Hexes
 31370 | Lair:4   | Learned a level 1 spell: Magic Dart
 31551 | Lair:4   | Learned a level 1 spell: Apportation
 31750 | Lair:6   | Entered Level 6 of the Lair of Beasts
 31874 | Lair:5   | Reached skill level 5 in Hexes
 33629 | Lair:6   | Reached skill level 13 in Shields
 34458 | Lair:6   | Reached XP level 15. HP: 99/99 MP: 21/21
 35371 | Lair:6   | Reached skill level 14 in Shields
 35632 | Lair:6   | Learned a level 4 spell: Fulminant Prism
 39153 | Lair:1   | Reached skill level 15 in Shields
 39492 | Orc:1    | Entered Level 1 of the Orcish Mines
 39589 | Orc:2    | Entered Level 2 of the Orcish Mines
 40983 | Orc:2    | Found a flickering gateway to a bazaar.
 41008 | Orc:2    | Found a staircase to the Elven Halls.
 41878 | Orc:2    | Found Wopum's Book Boutique.
 42238 | Orc:2    | Reached skill level 9 in Dodging
 42251 | Orc:2    | Reached skill level 9 in Fighting
 42545 | Orc:2    | Found Kokee's Assorted Antiques.
 42552 | Orc:2    | Found Jehot's Magic Scroll Emporium.
 42554 | Orc:2    | Found Mawaics's Food Boutique.
 43467 | D:6      | Bought a book of the Tempests for 910 gold pieces
 43476 | D:6      | Learned a level 3 spell: Static Discharge
 43617 | Spider:1 | Entered Level 1 of the Spider Nest
 45444 | Spider:1 | Reached skill level 10 in Dodging
 45448 | Spider:1 | Reached skill level 10 in Fighting
 45487 | Spider:1 | Reached XP level 16. HP: 88/109 MP: 22/22
 46311 | Spider:1 | Reached skill level 7 in Invocations
 47077 | Spider:2 | Noticed Azrael
 47090 | Spider:1 | Killed Azrael
 47450 | Spider:1 | Reached skill level 8 in Invocations
 47789 | Spider:1 | HP: 4/109 [demonic crawler (10)]
 47789 | Spider:1 | Zin protects you from harm!
 48495 | Spider:2 | Reached skill level 9 in Invocations
 49601 | Spider:3 | Identified Roxanne's Papyrus of Stones
 49601 | Spider:3 | Noticed Roxanne
 49654 | Spider:3 | Reached skill level 9 in Long Blades
 50214 | Spider:3 | Got a faintly glowing rapier
 50216 | Spider:3 | Identified the cursed +1 rapier "Ratoahin" {pierce, rC-
                  | rN+++} (You found it on level 3 of the Spider Nest)
 50328 | Spider:3 | Found a transporter.
 50413 | Spider:3 | Found a transporter.
 50413 | Spider:3 | Noticed feamirim's ghost (adept CeHu)
 51018 | Spider:3 | Reached skill level 10 in Long Blades
 52019 | Spider:3 | Slain by a tarantella

Levels and vault maps discovered:
D:1:      minmay_arrival_four_loops, layout_loops_ring, minmay_tree_intersection
D:2:      layout_rooms, old_standard_altar,
          chequers_temple_overflow_statue_of_worship, first_ration,
          serial_undead, serial_undead_e, serial_undead_a, serial_undead_d,
          serial_undead_b
D:3:      layout_basic, fedhas_altar_2, minmay_randomly_rotated_circles
D:4:      layout_basic, grunt_dithmenos_smoke_and_mirrors, roderic_batcave,
          uniq_eustachio, uniq_grinder, uniq_pikel
D:5:      layout_gridville
D:6:      layout_cave_pools, overflow_temple_1_default, marbit_many_paths,
          minmay_temple_entry_butterflies, serial_shops, shop,
          kennysheep_okawaru_gauntlet
D:7:      layout_layer_cave, nemelex_xobeh_ov_fountains_minmay
D:8:      layout_basic, lemuel_doored_altar, uniq_harold, uniq_joseph,
          uniq_gastronok
D:9:      layout_roguey, due_lair_maze_entry_diamond
D:10:     layout_loops_ring, enter_bailey_2, uniq_sonja, uniq_nergalle
D:11:     layout_gridville, orc_0_dummy, the_bakery, uniq_urug
D:12:     layout_stronghold, serial_shops, bzr_entry_lakeside, shop, shop_statue
D:13:     minmay_strange_plus, layout_gridville
Temple:   zaba_magenta_temple
Lair:1:   layout_gridlike, infiniplex_staircase_pool, serial_bayou_shore_b,
          grunt_megastairs_3
Lair:2:   layout_regular_city, spider_nest_entry_rubble, grunt_megastairs_5
Lair:3:   cheibrodos_lair_river_kwai, layout_cave_pods
Lair:4:   layout_small_grid, elwin_shoals_entry_rooms,
          nicolae_volcano_entry_batcave, grunt_megastairs_4,
          minmay_lair_oklob_chamber, serial_bayou_shore_a, lemuel_fruit_tree
Lair:5:   layout_cave_pods, slime_altar_1, chequers_serial_rivers_large_a
Lair:6:   minmay_lair_end_frog_pond, layout_long_grid, serial_bayou_pond_a,
          fungi_pond_lemuel, grunt_forest_large_clearing_hut
Spider:1: layout_chambers, drop_trap
Spider:2: layout_spider_delve, uniq_azrael
Spider:3: layout_spider_delve, gammafunk_ghost_arena, uniq_roxanne
Orc:1:    layout_diamond_mine
Orc:2:    st_orc_elflike, layout_diamond_mine, serial_shops, bzr_entry_road
Bazaar:   bazaar_jpeg_ninerooms_3
Bailey:   bailey_polearm_5, bailey
Volcano:  volcano_lake [vl_original]

Skill      XL: |  1  2  3  4  5  6  7  8  9 10 11 12 13 14 15 16 |
---------------+-------------------------------------------------+-----
Dodging        | 3 4 5 6 7 8 10 | 10.0
Long Blades    | 3 4 5 7 8 10 | 10.5
Fighting       | 3 4 5 7 8 10 | 10.0
Stealth        | 1 3 4 6 12 13 | 13.1
Spellcasting   | 4 |  4.0
Translocations | 5 |  5.0
Shields        | 1 6 11 12 13 15 | 15.0
Invocations    | 6 9 |  9.0
Hexes          | 3 5 |  5.8
Poison Magic   | 3 4 |  4.2
Conjurations   | 3 6 |  6.1
Fire Magic     | 3 |  3.5
Air Magic      | 3 |  3.5
Maces & Flails | 4 |  4.1
Throwing       | 6 |  6.0

Action                   |  1- 3 |  4- 6 |  7- 9 | 10-12 | 13-15 | 16-18 || total
-------------------------+-------+-------+-------+-------+-------+-------++-------
Melee: Falchion          |    65 |   122 |   238 |       |       |       ||   425
       Constrict         |    20 |    39 |    54 |    81 |   226 |    52 ||   472
       Tentacles         |     8 |    28 |    68 |   125 |   392 |   103 ||   724
       Trident           |       |    15 |       |       |       |       ||    15
       Dagger            |       |     1 |     5 |   517 |  1164 |    57 ||  1744
       Scimitar          |       |       |    40 |    31 |       |   229 ||   300
       Whip              |       |       |       |       |   296 |       ||   296
 Fire: Blowgun           |       |       |       |    21 |    73 |       ||    94
Throw: Stone             |       |       |       |     5 |    52 |    10 ||    67
       Throwing net      |       |       |       |     5 |       |       ||     5
       Javelin           |       |       |       |     4 |    58 |    25 ||    87
       Tomahawk          |       |       |       |       |    23 |       ||    23
 Cast: Blink             |       |       |     1 |    18 |    74 |    12 ||   105
       Shroud of Golubri |       |       |     1 |     7 |    12 |     1 ||    21
       Teleport Other    |       |       |       |     6 |     3 |       ||     9
       Confusing Touch   |       |       |       |     7 |    12 |       ||    19
       Magic Dart        |       |       |       |       |   111 |       ||   111
       Searing Ray       |       |       |       |       |    26 |       ||    26
       Conjure Flame     |       |       |       |       |     8 |       ||     8
       Apportation       |       |       |       |       |     5 |       ||     5
       Mephitic Cloud    |       |       |       |       |    48 |     7 ||    55
       Fulminant Prism   |       |       |       |       |    16 |       ||    16
Invok: Vitalisation      |       |       |       |     9 |    33 |    10 ||    52
       Recite            |       |       |       |     1 |     1 |     3 ||     5
 Abil: Evoke Berserk Rag |       |       |       |       |     1 |     4 ||     5
Evoke: Wand              |       |       |     8 |    38 |    64 |     1 ||   111
  Use: Scroll            |       |     6 |     3 |     5 |    31 |    10 ||    55
       Potion            |       |     3 |     7 |     6 |    10 |     6 ||    32
 Stab: Sleeping          |     7 |     5 |    22 |    26 |    37 |     6 ||   103
       Distracted        |       |       |     1 |     5 |     7 |     2 ||    15
       Confused          |       |       |       |     5 |    40 |     1 ||    46
       Held in net/web   |       |       |       |     3 |       |       ||     3
       Invisible         |       |       |       |       |     1 |       ||     1
       Paralysed         |       |       |       |       |     3 |       ||     3
  Eat: Chunk             |       |     9 |    12 |    27 |    77 |     8 ||   133
       Ration            |       |       |     3 |     2 |     8 |     6 ||    19
Armor: Skin              |    13 |    14 |    87 |     6 |    19 |    12 ||   151
Dodge: Dodged            |    56 |    72 |   217 |   302 |   643 |   187 ||  1477
Block: Buckler           |       |       |     1 |    62 |       |       ||    63
       Shield            |       |       |       |    75 |   842 |   352 ||  1269
       Rpst.: Falchion   |    18 |    25 |    59 |       |       |       ||   102
       Scimitar          |       |       |     8 |     2 |       |    24 ||    34

Table legend:
 A = Non-vault XP
 B = Vault XP
 C = Vault XP percentage of total XP
 D = Non-vault monster count
 E = Vault monster count
 F = Vault count percentage of total count
                 A         B        C        D         E       F
            +---------+---------+-------+---------+---------+-------
      Total |  112546 |   48217 |  30.0 |     626 |     209 |  25.0
            +---------+---------+-------+---------+---------+-------
        D:1 |      38 |       0 |   0.0 |      25 |       0 |   0.0
        D:2 |      82 |       6 |   6.8 |      22 |       4 |  15.4
        D:3 |     142 |      24 |  14.5 |      21 |       6 |  22.2
        D:4 |     526 |    1113 |  67.9 |      17 |      13 |  43.3
        D:5 |     610 |       0 |   0.0 |      28 |       0 |   0.0
        D:6 |     472 |      70 |  12.9 |       9 |       3 |  25.0
        D:7 |     587 |       0 |   0.0 |      11 |       0 |   0.0
        D:8 |    1761 |    3377 |  65.7 |      14 |       2 |  12.5
        D:9 |    4135 |    1360 |  24.7 |      32 |      11 |  25.6
       D:10 |    1875 |    1620 |  46.4 |      21 |       2 |   8.7
       D:11 |    2213 |    1034 |  31.8 |      20 |       2 |   9.1
       D:12 |    6129 |       0 |   0.0 |      41 |       0 |   0.0
       D:13 |    5755 |    1315 |  18.6 |      26 |       4 |  13.3
     Lair:1 |    3150 |     239 |   7.1 |      18 |       1 |   5.3
     Lair:2 |    5146 |     649 |  11.2 |      25 |       3 |  10.7
     Lair:3 |    5835 |    1888 |  24.4 |      21 |       4 |  16.0
     Lair:4 |    7844 |    2152 |  21.5 |      25 |      13 |  34.2
     Lair:5 |    8285 |    2248 |  21.3 |      32 |       9 |  22.0
     Lair:6 |   11528 |   10995 |  48.8 |      35 |      43 |  55.1
   Spider:1 |   16033 |    1204 |   7.0 |      42 |       1 |   2.3
   Spider:2 |    6879 |    1068 |  13.4 |      19 |       6 |  24.0
   Spider:3 |   14914 |     868 |   5.5 |      35 |       2 |   5.4
      Orc:1 |    6692 |       0 |   0.0 |      62 |       0 |   0.0
      Orc:2 |    1915 |    7772 |  80.2 |      25 |      25 |  50.0
     Bailey |       0 |    3603 | 100.0 |       0 |      40 | 100.0
    Volcano |       0 |    5612 | 100.0 |       0 |      15 | 100.0
            +---------+---------+-------+---------+---------+-------
